AoeStats
← zack

Arena

513781740Analyzed
2v2 RM · 1mo ago on Oct 15, 2026· 21m 25s· 4 players
Game mode
Random Map
Map size
Medium (4 player)
Population
200
Speed
Normal
Resources
Standard
Victory
Conquest
Starting age
Dark Age
Ending age
Imperial Age
RankedLock teamsTeams togetherTeam positionsShared explorationLock speedFull tech treeHidden civsTurbo modeCheats
Victory
Defeat
🇦🇺 Spanish · Australia
1218
+14
🇷🇺 Bulgarians · Russia
1210
+14
vs
🇨🇳 Danes · China
1186
-15
🇨🇳 Persians · China
1147
-13
maybeBZRK
7:56 Loom
10:36 Feudal Age
14:45 Castle Age
13:16 Horse Collar
15:35 Double-Bit Axe
MaLaya.
12:44 Feudal Age
17:07 Castle Age
15:05 Double-Bit Axe
18:19 Forging
18:23 Bow Saw
18:38 Gold Mining
zack
12:08 Feudal Age
16:23 Castle Age
14:55 Double-Bit Axe
14:52 Horse Collar
16:51 Gold Mining
19:16 Bow Saw
Longlonglong
12:07 Feudal Age
15:34 Castle Age
13:31 Double-Bit Axe
13:52 Horse Collar
Connection lost

Rejoining the realm…

Still unreachable

The connection could not be restored.

Session expired

The server has moved on; the page needs a fresh start.